 Dungeon Crawl Stone Soup version 0.31-a0-339-gda1cbd555d (webtiles) character file.

Game seed: 10792337290407660838

433202 Conn the Sorcerer (level 23, -24/127 HPs)
             Began as an Octopode Fire Elementalist on July 18, 2023.
             Was a High Priest of Sif Muna.
             Killed from afar by an ancient lich (78 damage)
             ... with a crystal spear
             ... on level 5 of the Vaults on July 21, 2023.
             The game lasted 04:39:58 (72049 turns).

Conn the Sorcerer (Octopode Fire Elementalist)     Turns: 72049, Time: 04:39:58

Health: -24/127    AC: 14    Str:  6    XL:     23   Next: 61%
Magic:  10/48      EV: 19    Int: 57    God:    Sif Muna [*****.]
Gold:   583        SH: 22    Dex: 14    Spells: 8/64 levels left

rFire   + + +        a - staff of fire
rCold   + . .        j - +5 kite shield {AC+3}
rNeg    + + +        A - +2 hat of Bineonoi {Int+4}
rPois   +            U - amulet of Hedelaorch {Reflect Fly rCorr Int+2 SH+5}
rElec   +            h - +6 ring of intelligence
rCorr   +            u - ring "Woelat" {Fly rC+ rN++ rCorr Slay-3}
SInv    .            p - ring of wizardry
Will    +....        N - ring "Icyedoq" {rPois rN+ Int+4}
Stlth   +++++        q - +9 ring of intelligence
HPRegen 0.41/turn    K - ring "Sueculon" {rElec EV+5 Str-3 Dex+3}
MPRegen 0.31/turn    O - +4 ring of protection
                     M - ring "Azett" {rElec rF++ Int+6}

%: reflection, wizardry (x1)
@: channelling, flying, studying 2 skills
A: almost no armour, amphibious, 8 rings, camouflage 1, gelatinous body 1,
(nimble swimmer 1), tentacles, iridescent scales 2, clumsy 1, mutation
resistance 1, no potion heal 1
}: 3/15 runes: decaying, serpentine, slimy
a: Renounce Religion, Channel Magic, Forget Spell, Divine Exegesis


You were on level 5 of the Vaults.
You worshipped Sif Muna.
Sif Muna was extremely pleased with you.
You visited 9 branches of the dungeon, and saw 44 of its levels.
You visited the Abyss 1 time.
You also visited: Sewer, Bailey, Gauntlet and Ice Cave.

You collected 6531 gold pieces.
You spent 5948 gold pieces at shops.

Inventory:

Hand Weapons
 b - a +9 short sword of protection
Missiles
 Q - 3 throwing nets
 W - 3 curare-tipped darts
Armour
 j - a +5 kite shield of protection (worn)
 A - the +2 hat of Bineonoi (worn) {Int+4}
   (You acquired it on level 1 of the Snake Pit)

   Int:       It affects your intelligence (+4).
 J - the +0 hat of Happen {rF+ rC+}
   (You acquired it in a bailey)

   rF:        It protects you from fire.
   rC:        It protects you from cold.
Magical Staves
 a - a staff of fire (weapon)
 v - a staff of cold
 H - a staff of conjuration
Jewellery
 g - a ring of magical power
 h - a +6 ring of intelligence (left tentacle)
 p - a ring of wizardry (on tentacle)
 q - a +9 ring of intelligence (on tentacle)
 u - the ring "Woelat" (right tentacle) {Fly rC+ rN++ rCorr Slay-3}
   (You bought it in a shop on level 1 of the Dungeon)

   [ring of flight]

   Slay:      It affects your accuracy & damage with ranged weapons and melee
   (-3).
   rC:        It protects you from cold.
   rN:        It greatly protects you from negative energy.
   Fly:       It grants you flight.
   rCorr:     It protects you from acid and corrosion.
 w - a +6 ring of dexterity
 E - the brooch of Shielding {Spirit SH+8}
   (You found it on level 3 of the Elven Halls)

   [amulet of guardian spirit]

   It causes incoming damage to be divided between your reserves of health and
   magic.
   SH:        It affects your SH (+8).
 F - a ring of see invisible
 K - the ring "Sueculon" (on tentacle) {rElec EV+5 Str-3 Dex+3}
   (You bought it in a shop on level 1 of the Dungeon)

   [ring of evasion]

   EV:        It affects your evasion (+5).
   Str:       It affects your strength (-3).
   Dex:       It affects your dexterity (+3).
   rElec:     It insulates you from electricity.
 L - a ring of ice
 M - the ring "Azett" (on tentacle) {rElec rF++ Int+6}
   (You found it in a Gauntlet)

   [ring of intelligence]

   Int:       It affects your intelligence (+6).
   rF:        It greatly protects you from fire.
   rElec:     It insulates you from electricity.
 N - the ring "Icyedoq" (on tentacle) {rPois rN+ Int+4}
   (You found it in a Gauntlet)

   [ring of poison resistance]

   Int:       It affects your intelligence (+4).
   rPois:     It protects you from poison.
   rN:        It protects you from negative energy.
 O - a +4 ring of protection (on tentacle)
 U - the amulet of Hedelaorch (around mantle) {Reflect Fly rCorr Int+2 SH+5}
   (You bought it in a shop on level 4 of the Snake Pit)

   [amulet of reflection]

   It reflects blocked missile attacks.
   Int:       It affects your intelligence (+2).
   Fly:       It grants you flight.
   rCorr:     It protects you from acid and corrosion.
   SH:        It affects your SH (+5).
Talismans
 e - a maw talisman
 s - a blade talisman
 t - a serpent talisman
 S - a beast talisman
Wands
 d - a wand of quicksilver (9)
 r - a wand of charming (67)
 x - a wand of iceblast (57)
 G - a wand of digging (3)
Scrolls
 c - 7 scrolls of blinking
 k - 4 scrolls of amnesia
 m - 7 scrolls of fear
 o - 2 scrolls of poison
 y - a scroll of enchant armour
 D - 2 scrolls of revelation
 I - 2 scrolls of summoning
 P - 10 scrolls of teleportation
 V - 6 scrolls of fog
 X - 2 scrolls of immolation
 Z - 2 scrolls of brand weapon
Potions
 f - 4 potions of resistance
 i - 4 potions of magic
 l - 4 potions of lignification
 n - 8 potions of curing
 z - 4 potions of haste
 B - 8 potions of enlightenment
 C - 6 potions of heal wounds
 R - 2 potions of cancellation
 T - 2 potions of invisibility
 Y - 3 potions of brilliance


   Skills:
 + Level 2.9 Fighting
 + Level 4.2 Short Blades
 + Level 0.6 Staves
 * Level 7.9 Dodging
 - Level 9.5 Stealth
 * Level 13.3 Shields
 + Level 21.2 Spellcasting
 * Level 16.6 Conjurations
 + Level 3.1 Hexes
 - Level 10.0 Summonings
 * Level 7.7 Translocations
 * Level 19.6 Fire Magic
 + Level 6.6 Ice Magic
 - Level 3.0 Air Magic
 - Level 4.1 Poison Magic
 - Level 12.0 Invocations
 + Level 1.1 Evocations


You had 8 spell levels left.
You knew the following spells:

 Your Spells              Type           Power      Damage    Failure   Level
a - Foxfire               Conj/Fire      100%       2x1d9     0%          1
b - Scorch                Fire           100%       2d9       0%          2
c - Inner Flame           Hex/Fire       100%       N/A       0%          3
d - Ignition              Fire           81%        3d21      1%          8
e - Fireball              Conj/Fire      79%        3d29      0%          5
f - Iskenderun's Mystic   Conj/Tloc      100%       2d19      1%          4
g - Mephitic Cloud        Conj/Pois/Air  100%       N/A       1%          3
h - Dispersal             Tloc           49%        N/A       1%          6
j - Hailstorm             Conj/Ice       100%       3d20      0%          3
k - Blink                 Tloc           100%       N/A       1%          2
m - Starburst             Conj/Fire      79%        6d20      1%          6
n - Summon Cactus Giant   Summ           54%        N/A       1%          6
o - Orb of Destruction    Conj           64%        9d15      1%          7

Your spell library contained the following spells:

 Spells                   Type           Power      Damage    Failure   Level
 Apportation              Tloc           100%       N/A       0%          1
 Kiss of Death            Conj/Necr      100%       2d13      0%          1
 Magic Dart               Conj           100%       1d8       0%          1
 Shock                    Conj/Air       100%       1d9       0%          1
 Summon Small Mammal      Summ           100%       N/A       0%          1
 Call Imp                 Summ           100%       N/A       0%          2
 Momentum Strike          Conj/Tloc      100%       3d10      0%          2
 Searing Ray              Conj           100%       2d8       0%          2
 Static Discharge         Conj/Air       100%       2-7/arc   0%          2
 Volatile Blastmotes      Fire/Tloc      100%       2d18      0%          3
 Flame Wave               Conj/Fire      100%       2d21      0%          4
 Sticky Flame             Conj/Fire      100%       2d11      0%          4
 Iskenderun's Battlesphe  Conj           100%       2d15      0%          5
 Necrotise                Necr           100%       1d9       1%          1
 Cigotuvi's Dreadful Rot  Necr/Pois/Air  100%       N/A       1%          2
 Ensorcelled Hibernation  Hex/Ice        100%       N/A       1%          2
 Lesser Beckoning         Tloc           100%       N/A       1%          2
 Poisonous Vapours        Pois/Air       100%       N/A       1%          2
 Wereblood                Tmut           57%        N/A       1%          2
 Call Canine Familiar     Summ           100%       N/A       1%          3
 Confusing Touch          Hex            77%        N/A       1%          3
 Dazzling Flash           Conj/Hex       100%       N/A       1%          3
 Frozen Ramparts          Ice            100%       1d16      1%          3
 Gell's Gravitas          Tloc           99%        N/A       1%          3
 Ignite Poison            Fire/Tmut/Pois 100%       N/A       1%          3
 Portal Projectile        Hex/Tloc       100%       N/A       1%          3
 Stone Arrow              Conj/Erth      100%       3d13      1%          3
 Summon Guardian Golem    Hex/Summ       94%        N/A       1%          3
 Swiftness                Air            76%        N/A       1%          3
 Teleport Other           Tloc           99%        N/A       1%          3
 Tukima's Dance           Hex            77%        N/A       1%          3
 Vampiric Draining        Necr           57%        2d10      1%          3
 Vhi's Electric Charge    Tloc/Air       100%       N/A       1%          3
 Airstrike                Air            38%        2d(6-22)  1%          4
 Anguish                  Hex/Necr       34%        N/A       1%          4
 Cause Fear               Hex            38%        N/A       1%          4
 Fulminant Prism          Conj/Hex       53%        3d23      1%          4
 Leda's Liquefaction      Hex/Erth       34%        N/A       1%          4
 Manifold Assault         Tloc           99%        N/A       1%          4
 Olgreb's Toxic Radiance  Pois           83%        N/A       1%          4
 Passage of Golubria      Tloc           99%        N/A       1%          4
 Summon Ice Beast         Ice/Summ       100%       N/A       1%          4
 Summon Lightning Spire   Summ/Air       94%        N/A       1%          4
 Arcjolt                  Conj/Air       53%        1d63      1%          5
 Freezing Cloud           Conj/Ice/Air   51%        6-21      1%          5
 Irradiate                Conj/Tmut      50%        3d28      1%          5
 Metabolic Englaciation   Hex/Ice        43%        N/A       1%          5
 Silence                  Hex/Air        38%        N/A       1%          5
 Summon Forest            Summ/Tloc      52%        N/A       1%          5
 Summon Mana Viper        Hex/Summ       94%        N/A       1%          5
 Conjure Ball Lightning   Conj/Air       53%        3x3d18    1%          6
 Leda's Unmaking          Conj/Erth      50%        9d8       1%          6
 Plasma Beam              Fire/Air       68%        2x1d85    1%          6
 Spellforged Servitor     Conj/Summ      59%        N/A       1%          7
 Dispel Undead            Necr           57%        3d20      2%          4
 Petrify                  Tmut/Erth      57%        N/A       2%          4
 Alistair's Intoxication  Tmut/Pois      47%        N/A       2%          5
 Yara's Violent Unravell  Hex/Tmut       34%        3d14      3%          5
 Monstrous Menagerie      Summ           54%        N/A       3%          7
 Summon Hydra             Summ           54%        N/A       3%          7
 Agony                    Necr           57%        N/A       6%          5
 Borgnjor's Vile Clutch   Necr/Erth      28%        N/A       6%          5
 Lee's Rapid Deconstruct  Erth           28%        3d15*     6%          5
 Simulacrum               Ice/Necr       39%        N/A       9%          6
 Ozocubu's Refrigeration  Ice            47%        4d18      12%         7
 Eringya's Noxious Bog    Tmut/Pois      35%        4d6       16%         6
 Haunt                    Necr/Summ      43%        N/A       24%         7
 Summon Horrible Things   Summ           54%        N/A       24%         8
 Death Channel            Necr           28%        N/A       32%         6
 Lehudib's Crystal Spear  Conj/Erth      50%        10d12     43%         8
 Enfeeble                 Hex            38%        N/A       45%         7
 Disjunction              Tloc           49%        N/A       50%         8
 Discord                  Hex            38%        N/A       98%         8
 Maxwell's Capacitive Co  Air            38%        ∞         98%         8
 Fire Storm               Conj/Fire      79%        8d20      13%         9
 Dragon's Call            Summ           54%        N/A       97%         9
 Chain Lightning          Conj/Air       53%        3d71      98%         9
 Polar Vortex             Ice            47%        12d6*     100%        9
 Animate Armour           Summ/Erth      Unusable   N/A       N/A         4

Dungeon Overview and Level Annotations

Branches:
Dungeon (15/15)            Temple (1/1) D:4            Lair (5/5) D:9
  Swamp (4/4) Lair:2        Snake (4/4) Lair:3        Slime (5/5) Lair:5
    Orc (2/2) D:12            Elf (3/3) Orc:2        Vaults (5/5) D:14
  Crypt (0/3) Vaults:2     Depths (0/4) D:15          Sewer (visited)
 Bailey (visited)           IceCv (visited)         Gauntlet (visited)

Altars:
Ashenzari
Cheibriados
Dithmenos
Elyvilon
Fedhas
Gozag
Hepliaklqana
Kikubaaqudgha
Makhleb
Nemelex Xobeh
Okawaru
Qazlal
Ru
Sif Muna
Trog
Uskayaw
Vehumet
Wu Jian
Xom
Yredelemnul
Zin
The Shining One
Jiyva

Shops:
D:1 =   D:2 ?   D:6 !   D:9 (   D:11 ?   Orc:2 [([(   Elf:1 ?   Elf:2 *
Snake:1 ?(   Snake:2 =[!=:   Snake:3 (   Snake:4 ::=   Vaults:1 ([   Vaults:2 !

Annotations:
Elf:1 6 runed translucent doors


Innate Abilities, Weirdness & Mutations

You cannot wear most types of armour.
You are amphibious.
You can wear up to eight rings at the same time.
Your skin changes colour to match your surroundings (Stealth+).
Your rubbery body absorbs attacks. (AC +1, EV +1)
((You are camouflaged when in or above water. (Stealth+)))
You have tentacles for arms and can constrict up to eight enemies at once.
You are mostly covered in iridescent scales. (AC +4)
You are clumsy. (Dex -2)
You are somewhat resistant to further mutation.
Potions are less effective at restoring your health.


Message History

Press: ? - help, Dir - look around, f - activate You feel a surge of power!
The air bursts into flame!
The fireball engulfs something!
The fireball engulfs the titan!!
The titan is moderately wounded.
The titan casts a spell at you. The bolt of lightning hits you! You resist.
You hear a shout!
Casting: Ignition (dangerous; 1% risk of failure)
Confirm with . or Enter, or press ? or * to list all spells.
Okay, then.
Unknown command.
A polar bear comes into view.
The polar bear changes into a raiju!
A stone giant comes into view.
Things that are here:
a +0 broad axe; a +0 chain mail; a +0 kite shield
Casting: Ignition (dangerous; 1% risk of failure)
Confirm with . or Enter, or press ? or * to list all spells.
Casting: Ignition (dangerous; 1% risk of failure)
Press: ? - help, Dir - look around, f - activate You feel a surge of power!
The air bursts into flame!
The fireball engulfs the stone giant!!!
The stone giant is heavily wounded.
The fireball engulfs something.
The fireball engulfs the raiju!!!
You kill the raiju!
Sif Muna accepts your kill.
The fireball engulfs the titan!!
The titan is heavily wounded.
The fireball engulfs the stone giant!!
The stone giant is almost dead.
You hear a deafening roar!
The titan points at you and mumbles some strange words.
The bolt of lightning hits you! You resist.
You hear a shout!
You barely miss something.
You hear some strange, mumbled words.
A crystal spear appears from out of thin air!
The crystal spear hits you!!!!
Ouch! That really hurt!
You die...

######.[....[.####
.....[[[[.....#
e..)..#C[[.#....#
...)...#....#.[...
..))...#....# ....
.......#....# ...
.......#)...# .?.
#.[C.# #...@#
#..){# #.)..#
#....# #....#
#....# #....#
#....# #....#


You could see a titan and a stone giant.

Vanquished Creatures
  the Royal Jelly (Slime:5)
  Dissolution (Slime:5)
  2 dread liches (Vaults:1)
  The ghost of Peona the Conqueror, a veteran MiGl of Okawaru (Vaults:1)
  Vashnia (Snake:3)
  the Lernaean hydra (Swamp:4)
  Bai Suzhen (Vaults:2)
  The ghost of Mefral the Black Sun, an adept DsNe of Kikubaaqudgha (Vaults:1)
  A tentacled monstrosity (Vaults:4)
  2 liches
  3 deep elf blademasters
  Asterion (Elf:3)
  A deep elf master archer (Elf:3)
  A thorn hunter (Swamp:4)
  28 acid blobs
  A sphinx (Vaults:2)
  Frances (Swamp:1)
  6 nagarajas
  Aizul (Swamp:3)
  A storm dragon (Vaults:5)
  A fenstrider witch (Swamp:3)
  A shadow dragon (Vaults:5)
  11 azure jellies
  8 rockslimes
  2 frost giants (Vaults:5)
  9 deep elf sorcerers
  The ghost of grizmgrazm2 the Brawler, a journeyman DrSh of Wu Jian (Lair:3)
  A fire giant (Vaults:5)
  13 vault wardens
  Louise (D:14)
  5 orc warlords
  A caustic shrike zombie (D:15)
  9 deep elf elementalists (Elf:3)
  15 ironbound preservers
  A war gargoyle (Vaults:4)
  9 quicksilver oozes
  4 very ugly things
  5 ironbound thunderhulks
  9 formless jellyfish
  10 deep elf demonologists
  5 eleionomae
  6 dire elephants
  7 deep elf annihilators
  3 bunyips
  A minotaur (Gauntlet)
  A jiangshi (Vaults:2)
  5 deep elf high priests
  A fire dragon (Lair:5)
  6 deep elf death magi
  A shambling mangrove (Swamp:3)
  2 entropy weavers
  6 great orbs of eyes
  Fannar (D:11)
  8 yaktaur captains
  31 vault guards
  Erolcha (D:12)
  2 peacekeepers
  2 salamander tyrants (Snake:4)
  20 hydras
  An ice dragon (Lair:5)
  A death knight (D:15)
  20 centaur warriors
  2 catoblepae
  6 anacondas
  3 ironbound frosthearts (Vaults:2)
  2 two-headed ogres
  A boulder beetle (Vaults:3)
  2 ghost crabs
  An ogre mage (Vaults:2)
  25 dancing weapons
  16 alligators
  16 naga warriors
  8 death yaks
  3 orc high priests
  A vampire mage (Vaults:2)
  9 shock serpents
  18 naga sharpshooters
  Sonja (Lair:5)
  14 spriggans
  2 spriggan berserkers (Swamp:2)
  A salamander mystic (Snake:4)
  23 deep elf knights
  35 deep trolls
  A fire crab (Lair:4)
  A skyshark (Lair:3)
  A spriggan druid (Swamp:1)
  A sixfirhy (Gauntlet)
  3 skeletal warriors
  6 goliath frogs
  2 phantasmal warriors
  6 wizards
  16 deep elf archers
  13 swamp dragons
  15 lindwurms
  4 bog bodies
  2 naga ritualists (Snake:4)
  An orange crystal statue (IceCv)
  5 harpies (Vaults:1)
  A sphinx zombie (D:15)
  11 ironbound convokers
  A stone giant zombie (D:15)
  22 deep elf pyromancers
  4 necromancers
  13 orc knights
  26 deep elf zephyrmancers
  6 orc sorcerers
  2 mana vipers
  A tengu skeleton (Vaults:4)
  8 cyclopes
  18 ugly things
  6 shining eyes
  A frost giant zombie (Vaults:1)
  11 salamanders
  6 will-o-the-wisps
  4 elephants (Lair:2)
  Maurice (D:8)
  6 guardian serpents
  15 vault sentinels
  An eye of devastation (Gauntlet)
  8 naga magi
  2 human skeletons
  A stone giant skeleton (Vaults:1)
  16 black mambas
  3 gargoyles
  10 cane toads
  6 torpor snails
  2 ice statues (Elf:2)
  A human zombie (Vaults:4)
  A kobold demonologist (D:10)
  27 yaktaurs
  An anaconda simulacrum (IceCv)
  A guardian mummy (D:15)
  7 freezing wraiths
  A rime drake (Lair:5)
  5 komodo dragons
  8 trolls
  2 golden dragon simulacra (IceCv)
  A yaktaur skeleton (Vaults:2)
  20 hornets
  2 bloated husks
  A queen bee (shapeshifter) (D:13)
  A sphinx simulacrum (Vaults:4)
  12 tyrant leeches
  7 blink frogs
  2 raiju (shapeshifter)
  4 dream sheep (Lair:5)
  83 slime creatures
  21 flying skulls (D:14)
  An ettin skeleton (Vaults:2)
  2 air elementals
  A dire elephant simulacrum (IceCv)
  3 wraiths
  72 yaks
  The ghost of Tutankhamun the Changeling, an amateur TrSh (D:3)
  Eustachio (D:4)
  7 wyverns
  A vampire (D:12)
  A golden eye (shapeshifter) (Elf:3)
  A neqoxec (Gauntlet)
  2 fire elementals (Elf:1)
  18 golden eyes
  28 vampire mosquitoes
  2 chaos spawn (Gauntlet)
  3 steam dragons (Lair:5)
  4 basilisks
  2 harpy simulacra (IceCv)
  10 wargs
  23 nagas
  15 swamp worms
  A glowing shapeshifter zombie (Vaults:2)
  2 tengu zombies
  9 water moccasins
  Duvessa (D:6)
  4 acid dragons
  A floating eye (Slime:2)
  18 swamp drakes
  55 orc warriors
  4 ice beasts
  2 black bears (D:4)
  13 ogres
  An ogre (shapeshifter) (Vaults:5)
  12 centaurs
  An ettin simulacrum (IceCv)
  10 wolves (Lair:1)
  An alligator simulacrum (IceCv)
  5 boggarts (D:14)
  4 phantoms
  4 kobold brigands
  A gnoll sergeant (D:11)
  3 earth elementals
  14 bullfrogs
  A glowing shapeshifter simulacrum (Vaults:4)
  2 scorpions
  16 wights
  A human simulacrum (Vaults:4)
  Dowan (D:6)
  8 killer bees
  6 howler monkeys
  2 quasits (D:3)
  17 orc priests
  Crazy Yiuf (D:5)
  3 hounds (D:4)
  2 sleepcaps
  Natasha (thrice) (D:2)
  10 iguanas
  26 orc wizards
  16 gnolls
  10 adders
  5 river rats
  2 shadow imps (D:8)
  A white imp (D:7)
  4 ufetubi (Gauntlet)
  7 worms
  5 dart slugs
  111 orcs
  3 endoplasms
  4 giant cockroaches
  25 goblins
  19 hobgoblins
  5 jackals (D:1)
  21 kobolds
  7 quokkas
  7 ball pythons
  5 bats
  4 frilled lizards
  5 rats
  A foxfire (Orc:2)
1719 creatures vanquished.

Vanquished Creatures (collateral kills)
  Mara (Elf:3)
  An acid blob (Slime:5)
  A nagaraja (Snake:4)
  A quicksilver ooze (Slime:5)
  A salamander tyrant (Snake:4)
  A spriggan (Swamp:3)
  A dancing weapon (Elf:2)
  A deep elf knight (Elf:3)
  A salamander mystic (Snake:4)
  A black mamba (Snake:4)
  A naga mage (Snake:2)
  A merfolk (shapeshifter) (D:13)
  2 hornets (Swamp:3)
  A fire elemental (Elf:1)
  An ogre (Orc:1)
  A hobgoblin (Bailey)
  3 foxfires
20 creatures vanquished.

Vanquished Creatures (others)
  A deep elf knight (Elf:2)
  A will-o-the-wisp (Swamp:4)
  A water elemental (Elf:1)
  A swamp worm (Swamp:1)
  An orc warrior (Orc:1)
  An orc wizard (D:10)
  An orc (Orc:1)
  1605 foxfires
1612 creatures vanquished.

Grand Total: 3351 creatures vanquished

Notes
Turn   | Place    | Note
-------+----------+-------------------------------------------
     0 | D:1      | Conn the Octopode Fire Elementalist began the quest for the
                  | Orb.
     0 | D:1      | Reached XP level 1. HP: 11/11 MP: 3/3
   215 | D:1      | Reached XP level 2. HP: 14/17 MP: 0/5
   484 | D:1      | You fall into a shaft and drop 1 floor!
   833 | D:2      | Identified the +4 cloak of Ysagash {Contam rElec Slay+3
                  | SInv}
   888 | D:1      | Reached XP level 3. HP: 14/21 MP: 1/6
  1652 | D:1      | Found Wienoumu's One-of-a-Kind Rings.
  1693 | D:1      | Found a faded altar of an unknown god.
  2151 | D:2      | Reached XP level 4. HP: 11/27 MP: 4/7
  2232 | D:1      | Learned a level 2 spell: Scorch
  2236 | D:1      | Learned a level 3 spell: Inner Flame
  2255 | D:2      | Noticed Natasha
  2259 | D:2      | Killed Natasha
  2260 | D:2      | Reached XP level 5. HP: 32/32 MP: 5/9
  2316 | D:2      | Found Himmyqe's Magic Scroll Shop.
  2534 | D:2      | Noticed Natasha
  2538 | D:2      | Killed Natasha
  2795 | D:3      | Reached skill level 1 in Short Blades
  3066 | D:3      | Found a transporter.
  3073 | D:3      | Found a transporter.
  3076 | D:3      | Noticed Tutankhamun's ghost (amateur TrSh)
  3467 | D:4      | Reached skill level 3 in Spellcasting
  3467 | D:4      | Reached XP level 6. HP: 37/37 MP: 10/10
  3497 | D:4      | Reached skill level 5 in Stealth
  3729 | D:4      | Noticed a black bear
  3762 | D:4      | Killed a black bear
  3803 | D:4      | Noticed Eustachio
  3821 | D:4      | Reached XP level 7. HP: 42/42 MP: 3/12
  4226 | D:4      | Learned a level 3 spell: Mephitic Cloud
  4237 | D:4      | Learned a level 4 spell: Flame Wave
  4390 | D:4      | Reached skill level 5 in Fire Magic
  4398 | D:4      | Reached skill level 4 in Spellcasting
  4503 | D:4      | Found a staircase to the Ecumenical Temple.
  4512 | Temple   | Entered the Ecumenical Temple
  4522 | Temple   | Became a worshipper of Sif Muna the Loreminder
  4713 | D:4      | Reached skill level 1 in Fighting
  4879 | D:5      | Entered Level 5 of the Dungeon
  4925 | D:5      | Reached XP level 8. HP: 48/48 MP: 2/14
  5038 | D:5      | Reached skill level 1 in Poison Magic
  5165 | D:5      | Found a runed translucent door.
  5166 | D:5      | Noticed Crazy Yiuf
  5171 | D:5      | Killed Crazy Yiuf
  5508 | D:5      | Reached skill level 5 in Spellcasting
  5874 | D:6      | Found a shimmering altar of Xom.
  5995 | D:6      | Reached skill level 1 in Hexes
  5998 | D:6      | Reached skill level 6 in Spellcasting
  6007 | D:6      | Reached XP level 9. HP: 36/53 MP: 6/18
  6250 | D:6      | Found a glowing drain.
  6267 | Sewer    | Entered a sewer
  6269 | Sewer    | Reached * piety under Sif Muna
  6437 | Sewer    | Found a white marble altar of Elyvilon.
  6559 | D:6      | Noticed Duvessa
  6565 | D:6      | Noticed Dowan
  6569 | D:6      | Killed Duvessa
  6569 | D:6      | Killed Dowan
  6570 | D:6      | Reached skill level 7 in Spellcasting
  6674 | D:6      | Found Ommeug's Distillery.
  7096 | D:6      | Learned a level 4 spell: Iskenderun's Mystic Blast
  7099 | D:6      | Learned a level 2 spell: Call Imp
  7847 | D:7      | Reached skill level 1 in Summonings
  8100 | D:2      | Noticed Natasha
  8105 | D:2      | Killed Natasha
  8176 | D:1      | Bought the ring "Woelat" {Fly rC+ rN++ rCorr Slay-3} for
                  | 385 gold pieces
  8283 | D:3      | Killed Tutankhamun's ghost
  8284 | D:3      | Reached XP level 10. HP: 48/59 MP: 4/21
  8285 | D:3      | Reached skill level 8 in Spellcasting
  8461 | D:4      | Killed Eustachio
  8462 | D:4      | Reached skill level 1 in Translocations
  8920 | D:8      | Reached ** piety under Sif Muna
  8948 | D:8      | Reached skill level 1 in Air Magic
  8973 | D:8      | Reached skill level 5 in Conjurations
  9090 | D:8      | Learned a level 5 spell: Freezing Cloud
  9109 | D:8      | Noticed Maurice
  9117 | D:8      | Killed Maurice
 10161 | D:9      | Found a staircase to the Lair.
 10194 | D:9      | Found Vorchoenn's Antique Weapon Shoppe.
 10197 | D:9      | Bought a crystal trident for 178 gold pieces
 10197 | D:9      | Identified the +0 trident "Vavan" {heavy, rPois} (You
                  | bought it in a shop on level 9 of the Dungeon)
 10222 | D:9      | Paralysed by a hornet for 1 turns
 10234 | D:9      | Reached skill level 1 in Ice Magic
 10347 | D:9      | Found a flagged portal.
 10360 | Bailey   | Entered a bailey
 10462 | Bailey   | Reached *** piety under Sif Muna
 10769 | Bailey   | Noticed an orc knight
 10776 | Bailey   | Killed an orc knight
 10777 | Bailey   | Reached skill level 9 in Spellcasting
 10788 | Bailey   | Noticed an orc knight
 10892 | Bailey   | Reached XP level 11. HP: 63/63 MP: 18/24
 10897 | Bailey   | Learned a level 4 spell: Summon Ice Beast
 10906 | Bailey   | Noticed an orc knight
 10906 | Bailey   | Noticed an orc knight
 10939 | Bailey   | Killed an orc knight
 10952 | Bailey   | Killed an orc knight
 10978 | Bailey   | Killed an orc knight
 10979 | Bailey   | Reached skill level 5 in Invocations
 11450 | Bailey   | Noticed an orc warlord
 11465 | Bailey   | Killed an orc warlord
 11544 | Bailey   | Got the Elucidation of the Twenty Olives
 11549 | Bailey   | Acquired the +0 hat of Happen {rF+ rC+}
 11828 | D:9      | Acquired 1076 gold pieces
 12043 | D:1      | Bought the ring "Sueculon" {rElec EV+5 Str-3 Dex+3} for 550
                  | gold pieces
 12043 | D:1      | Bought a +2 ring of protection for 110 gold pieces
 12213 | Lair:1   | Entered Level 1 of the Lair of Beasts
 12257 | Lair:1   | Reached **** piety under Sif Muna
 12262 | Lair:1   | Reached skill level 10 in Spellcasting
 12277 | Lair:1   | Noticed a death yak
 12277 | Lair:1   | Noticed a death yak
 12303 | Lair:1   | Killed a death yak
 12361 | Lair:1   | Found a gate leading to a gauntlet.
 12370 | Gauntlet | Entered a Gauntlet
 12370 | Gauntlet | Found a transporter.
 12370 | Gauntlet | Found a transporter.
 12375 | Gauntlet | Noticed a sixfirhy
 12408 | Gauntlet | Found a transporter.
 12410 | Gauntlet | Found a transporter.
 12418 | Gauntlet | Noticed a wretched star
 12420 | Gauntlet | Found a transporter.
 12436 | Gauntlet | Identified the +0 buckler of Honour {rF- Will+ Slay+2}
 12436 | Gauntlet | Noticed a minotaur
 12440 | Gauntlet | Noticed a catoblepas
 12441 | Gauntlet | Found a transporter.
 12457 | Gauntlet | Found a transporter.
 12462 | Gauntlet | Found a transporter.
 12464 | Gauntlet | Found a large runed translucent door.
 12465 | Gauntlet | Found a large runed translucent door.
 12466 | Gauntlet | Found a large runed translucent door.
 12466 | Gauntlet | Found a large runed translucent door.
 12466 | Gauntlet | Found a large runed translucent door.
 12504 | Gauntlet | Found a transporter.
 12519 | Gauntlet | Found a transporter.
 12521 | Gauntlet | Found a large runed translucent door.
 12522 | Gauntlet | Found a large runed translucent door.
 12523 | Gauntlet | Found a large runed translucent door.
 12523 | Gauntlet | Found a large runed translucent door.
 12523 | Gauntlet | Found a runed translucent door.
 12523 | Gauntlet | Found a runed translucent door.
 12524 | Gauntlet | Found a large runed translucent door.
 12525 | Gauntlet | Found a large runed translucent door.
 12526 | Gauntlet | Found a large runed translucent door.
 12526 | Gauntlet | Found a large runed translucent door.
 12527 | Gauntlet | Found a runed translucent gate.
 12527 | Gauntlet | Found a runed translucent gate.
 12527 | Gauntlet | Found a runed translucent gate.
 12529 | Gauntlet | Found a transporter.
 12538 | Gauntlet | Found a large runed translucent door.
 12539 | Gauntlet | Found a large runed translucent door.
 12540 | Gauntlet | Found a large runed translucent door.
 12544 | Gauntlet | Found a transporter.
 12616 | Gauntlet | Killed a sixfirhy
 12676 | Gauntlet | Identified the ring "Azett" {rElec rF++ Int+6}
 12746 | Gauntlet | Identified the ring "Icyedoq" {rPois rN+ Int+4}
 12985 | Gauntlet | Killed a catoblepas
 12986 | Gauntlet | Reached XP level 12. HP: 53/69 MP: 11/26
 13157 | Gauntlet | Learned a level 3 spell: Hailstorm
 13216 | Gauntlet | Killed a minotaur
 13494 | Lair:1   | Noticed a death yak
 13494 | Lair:1   | Noticed a death yak
 13495 | Lair:1   | Noticed a death yak
 13497 | Lair:1   | Noticed a death yak
 13507 | Lair:1   | Killed a death yak
 13508 | Lair:1   | Killed a death yak
 13509 | Lair:1   | Reached skill level 11 in Spellcasting
 13543 | Lair:1   | Killed a death yak
 13546 | Lair:1   | Killed a death yak
 13688 | Lair:1   | Killed a death yak
 15436 | Lair:2   | Reached XP level 13. HP: 69/74 MP: 15/28
 15441 | Lair:2   | Reached skill level 5 in Ice Magic
 15461 | Lair:2   | Reached skill level 5 in Summonings
 15600 | Lair:2   | Found a staircase to the Swamp.
 15612 | Lair:2   | Reached ***** piety under Sif Muna
 16205 | Lair:3   | Found a staircase to the Snake Pit.
 16520 | Lair:3   | Reached skill level 12 in Spellcasting
 16805 | Lair:3   | Found a runed translucent gate.
 16805 | Lair:3   | Found a runed translucent gate.
 16805 | Lair:3   | Found a runed translucent gate.
 16807 | Lair:3   | Noticed grizmgrazm2's ghost (journeyman DrSh)
 17510 | Lair:4   | Received a gift from Sif Muna
 17511 | Lair:4   | Got Sif Muna's Almanac of Cunning Topology {god gift}
 18443 | Lair:5   | Entered Level 5 of the Lair of Beasts
 18666 | Lair:5   | Found a viscous altar of Jiyva.
 18667 | Lair:5   | Found a staircase to the Slime Pits.
 19030 | Lair:5   | Reached XP level 14. HP: 81/81 MP: 17/30
 19032 | Lair:5   | Noticed Sonja
 19033 | Lair:5   | Reached skill level 13 in Spellcasting
 19040 | Lair:5   | Killed Sonja
 19041 | Lair:5   | Reached skill level 10 in Fire Magic
 19685 | Lair:5   | Found a runed translucent door.
 20727 | Lair:5   | Learned a level 2 spell: Blink
 20931 | Lair:3   | Killed grizmgrazm2's ghost
 21926 | D:10     | Entered Level 10 of the Dungeon
 22033 | D:10     | Found a transporter.
 22380 | D:10     | Received a gift from Sif Muna
 23002 | D:11     | Found Ruiluo's Magic Scroll Shoppe.
 23128 | D:11     | Noticed Fannar
 23139 | D:11     | Killed Fannar
 23509 | D:11     | Bought a scroll of identify for 28 gold pieces
 23840 | D:1      | Bought a +9 ring of intelligence for 858 gold pieces
 24198 | D:11     | Found a radiant altar of Vehumet.
 24451 | D:12     | Reached skill level 14 in Spellcasting
 24652 | D:12     | Noticed Erolcha
 24658 | D:12     | Killed Erolcha
 24854 | D:12     | Found a staircase to the Orcish Mines.
 26023 | D:14     | Reached skill level 1 in Shields
 26029 | D:14     | Reached XP level 15. HP: 74/85 MP: 4/33
 26224 | Orc:1    | Entered Level 1 of the Orcish Mines
 26474 | Orc:1    | Received a gift from Sif Muna
 26475 | Orc:1    | Got Sif Muna's Volume of Prime Exhalation {god gift}
 26482 | Orc:1    | Learned a level 5 spell: Fireball
 27147 | Orc:2    | Entered Level 2 of the Orcish Mines
 27811 | Orc:2    | Found a staircase to the Elven Halls.
 28273 | Orc:2    | Found Ogyp's Antique Weapon Boutique.
 28279 | Orc:2    | Bought a crystal great sword for 345 gold pieces
 28279 | Orc:2    | Identified the +6 great sword "Oxeutou" {freeze, Int+5
                  | SInv} (You bought it in a shop on level 2 of the Orcish
                  | Mines)
 28393 | Orc:2    | Found Juteug's Antique Armour Boutique.
 28809 | Orc:2    | Noticed an orc warlord
 28841 | Orc:2    | Killed an orc warlord
 29010 | Orc:2    | Found Ykaighu's Antique Armour Shoppe.
 29012 | Orc:2    | Found Dueralif's Antique Weapon Emporium.
 29098 | Orc:2    | Bought a shiny kite shield for 150 gold pieces
 29318 | D:14     | Found a gate to the Vaults.
 29331 | D:14     | Reached skill level 15 in Spellcasting
 29367 | D:14     | Reached skill level 10 in Conjurations
 29625 | D:14     | Received a gift from Sif Muna
 29643 | D:14     | Got Sif Muna's Volume of the Familiar {god gift}
 29776 | D:14     | Reached skill level 10 in Invocations
 29807 | D:14     | Found the +3 giant club "Skullcrusher" {speed, Str+7}
 30418 | D:14     | Noticed Louise
 30431 | D:14     | Killed Louise
 31047 | D:14     | Gained mutation: You are partially covered in iridescent
                  | scales. (AC +2) [potion of mutation]
 31047 | D:14     | Gained mutation: You are mostly covered in iridescent
                  | scales. (AC +4) [potion of mutation]
 31246 | D:14     | Learned a level 6 spell: Starburst
 31268 | D:15     | Entered Level 15 of the Dungeon
 31380 | D:15     | Found a staircase to the Depths.
 31722 | D:15     | Reached XP level 16. HP: 85/91 MP: 11/35
 32310 | D:15     | Reached skill level 1 in Evocations
 33054 | Elf:1    | Entered Level 1 of the Elven Halls
 33402 | Elf:1    | Reached skill level 5 in Shields
 33599 | Elf:1    | Reached skill level 16 in Spellcasting
 34394 | Elf:1    | Identified the +9 broad axe of Lerelod {freeze, Dex+2 SInv}
 34736 | Elf:1    | Identified the +5 scale mail "Sysifici" {rN+ Stlth+}
 35551 | Abyss:3  | Cast into level 3 of the Abyss (a deep elf demonologist)
 35598 | Elf:1    | Escaped the Abyss
 35600 | Elf:1    | Gained mutation: Potions are less effective at restoring
                  | your health. [a cacodemon]
 35605 | Elf:1    | Gained mutation: You are somewhat resistant to further
                  | mutation. [a cacodemon]
 35606 | Elf:1    | Gained mutation: You are clumsy. (Dex -2) [a cacodemon]
 35697 | Elf:1    | Found a runed translucent gate.
 35697 | Elf:1    | Found a runed translucent gate.
 35697 | Elf:1    | Found a runed translucent gate.
 35697 | Elf:1    | Found a runed translucent gate.
 35697 | Elf:1    | Found a runed translucent gate.
 35698 | Elf:1    | Noticed a storm dragon
 35699 | Elf:1    | Found a runed translucent gate.
 35757 | Elf:1    | Found Ijecw's Magic Scroll Shoppe.
 35800 | Elf:2    | Found Cuajuab's General Store.
 36367 | Elf:2    | Found a frozen archway.
 36372 | Elf:2    | Reached XP level 17. HP: 96/96 MP: 22/37
 36389 | IceCv    | Entered an ice cave
 36439 | IceCv    | Found a transporter.
 36453 | IceCv    | Found a transporter.
 36464 | IceCv    | Upgraded the game from 0.31-a0-329-g52107efa6a to
                  | 0.31-a0-339-gda1cbd555d
 36756 | Elf:2    | Reached skill level 17 in Spellcasting
 37028 | Elf:2    | Noticed a deep elf blademaster
 37047 | Elf:2    | Killed a deep elf blademaster
 37183 | Elf:2    | Found a runed translucent gate.
 37183 | Elf:2    | Found a runed translucent gate.
 37199 | Elf:2    | Found a runed translucent gate.
 37673 | Elf:2    | Learned a level 6 spell: Summon Cactus Giant
 37693 | Elf:2    | Bought a scroll of acquirement for 624 gold pieces
 37698 | Elf:2    | Acquired a staff of fire
 37742 | Elf:3    | Entered Level 3 of the Elven Halls
 38058 | Elf:3    | Identified the +12 shortbow "Killer Bee's Death" {freeze,
                  | rPois Int+3}
 38718 | Elf:3    | Noticed Asterion
 38723 | Elf:3    | Killed Asterion
 38738 | Elf:3    | Noticed Mara
 38749 | Elf:3    | Killed Mara
 39370 | Elf:3    | Noticed a deep elf blademaster
 39385 | Elf:3    | Killed a deep elf blademaster
 39392 | Elf:3    | Noticed a deep elf blademaster
 39638 | Elf:3    | Noticed a Brimstone Fiend
 39644 | Elf:3    | Reached XP level 18. HP: 60/102 MP: 7/39
 40180 | Elf:3    | Killed a deep elf blademaster
 40405 | Elf:3    | Reached skill level 18 in Spellcasting
 40459 | Elf:3    | Noticed a deep elf master archer
 40463 | Elf:3    | Killed a deep elf master archer
 40820 | Elf:3    | Found the brooch of Shielding {Spirit SH+8}
 40935 | Elf:3    | Identified the +0 cloak of the Heron {Str+8 Int-5 Slay+5}
 41007 | Elf:3    | Got the Atlas of Embers
 41012 | Elf:3    | Identified the staff of the Voracious God {Int+3 Earth}
 41041 | Elf:3    | Identified the +0 pair of gloves "Ineeb" {+Blink}
 41091 | Elf:3    | Identified the +2 ring mail of Restlessness {Stlth+}
 41670 | Swamp:1  | Entered Level 1 of the Swamp
 41817 | Swamp:1  | Noticed Frances
 41979 | Swamp:1  | Killed Frances
 42637 | Swamp:1  | You are sucked into a shaft and drop 1 floor!
 43194 | Swamp:1  | Received a gift from Sif Muna
 43197 | Swamp:1  | Got Lusybaej's Anthology of Maleficia and the Commander
                  | {god gift}
 43635 | Swamp:1  | Reached skill level 5 in Dodging
 44050 | Swamp:2  | Identified the +4 scale mail "Arofedgh" {rN++ Str+3 Int-4}
 44284 | Swamp:3  | Reached XP level 19. HP: 107/107 MP: 23/41
 45215 | Elf:1    | Bought a scroll of enchant armour for 120 gold pieces
 46147 | Swamp:4  | Entered Level 4 of the Swamp
 46147 | Swamp:4  | Noticed Aizul
 46155 | Swamp:3  | Killed Aizul
 46969 | Swamp:4  | Noticed the 27-headed Lernaean hydra
 46977 | Swamp:4  | Killed the 27-headed Lernaean hydra
 47654 | Swamp:4  | Received a gift from Sif Muna
 48378 | Swamp:4  | Got a decaying rune of Zot
 48507 | Snake:1  | Entered Level 1 of the Snake Pit
 48586 | Snake:1  | Found Conaf's Antique Weapon Shop.
 48835 | Snake:1  | Found Fullemyd's Magic Scroll Emporium.
 48856 | Snake:1  | Bought a scroll of acquirement for 884 gold pieces
 48856 | Snake:1  | Acquired the +2 hat of Bineonoi {Int+4}
 49897 | Snake:2  | Found Bomn's Book Shoppe.
 50190 | Snake:2  | Found Eroveimu's Distillery.
 50219 | Snake:2  | Bought a potion of curing for 36 gold pieces
 50219 | Snake:2  | Bought a potion of curing for 36 gold pieces
 50219 | Snake:2  | Bought a potion of curing for 36 gold pieces
 50219 | Snake:2  | Bought a potion of lignification for 36 gold pieces
 50332 | Snake:2  | Found a transporter.
 50332 | Snake:2  | Found Erriur's Armour Boutique.
 50337 | Snake:2  | Found a transporter.
 50363 | Snake:2  | Found Uphu's Jewellery Shoppe.
 50567 | Snake:2  | Found Micamu's Jewellery Boutique.
 51345 | Snake:3  | Reached skill level 15 in Fire Magic
 51538 | Snake:3  | Noticed Vashnia
 51565 | Snake:3  | Killed Vashnia
 51831 | Snake:3  | Found Faygic's Weapon Emporium.
 51913 | Snake:4  | Entered Level 4 of the Snake Pit
 52182 | Snake:4  | Reached skill level 10 in Shields
 52185 | Snake:4  | Reached skill level 19 in Spellcasting
 52362 | Snake:4  | Reached XP level 20. HP: 109/112 MP: 34/43
 53734 | Snake:4  | Received a gift from Sif Muna
 53904 | Snake:4  | Found Leczoed's Jewellery Emporium.
 53904 | Snake:4  | Found Haif's Book Shop.
 53905 | Snake:4  | Found Nuachaip's Book Shop.
 53912 | Snake:4  | Bought a book of the Spheres for 594 gold pieces
 53920 | Snake:4  | Learned a level 7 spell: Orb of Destruction
 54453 | Snake:4  | Found a stormy altar of Qazlal.
 54884 | Snake:4  | Got a serpentine rune of Zot
 55557 | Snake:4  | Learned a level 8 spell: Ignition
 55696 | Slime:1  | Entered Level 1 of the Pits of Slime
 56288 | Slime:1  | Reached skill level 10 in Summonings
 56951 | Slime:1  | Received a gift from Sif Muna
 56957 | Slime:1  | Got Sif Muna's Spellbook of the Figure and Arcane Weapons
                  | {god gift}
 58484 | Slime:4  | Reached XP level 21. HP: 106/117 MP: 20/44
 58544 | Slime:4  | Reached skill level 15 in Conjurations
 59195 | Slime:5  | Entered Level 5 of the Pits of Slime
 59274 | Slime:5  | Noticed Dissolution
 59278 | Slime:5  | Killed Dissolution
 60021 | Slime:5  | Noticed the Royal Jelly
 60259 | Slime:5  | Killed the Royal Jelly
 61239 | Slime:5  | Reached skill level 20 in Spellcasting
 61320 | Slime:5  | Got a slimy rune of Zot
 61321 | Slime:5  | Identified the amulet "Ymaihosh" {RegenMP Fragile rC+ Int+4
                  | Dex+3}
 61327 | Slime:5  | Identified the +1 leather armour "Kuhuraes" {rElec Str+5
                  | Dex-3}
 61361 | Slime:5  | Identified the +7 short sword of the Witching Salmon {vamp,
                  | Contam rCorr Int+2}
 61718 | Vaults:1 | Entered Level 1 of the Vaults
 61933 | Vaults:1 | Received a gift from Sif Muna
 61934 | Vaults:1 | Got Sif Muna's Directory of Generative Breccia {god gift}
 61946 | Vaults:1 | Learned a level 6 spell: Dispersal
 62130 | Vaults:1 | Found a runed translucent gate.
 62130 | Vaults:1 | Found a runed translucent gate.
 62130 | Vaults:1 | Found an ancient bone altar of Kikubaaqudgha.
 62130 | Vaults:1 | Noticed Mefral's ghost (adept DsNe)
 62130 | Vaults:1 | Noticed a dread lich
 62131 | Vaults:1 | Found a runed translucent gate.
 62131 | Vaults:1 | Noticed Peona's ghost (veteran MiGl)
 62131 | Vaults:1 | Noticed a dread lich
 62627 | Vaults:1 | Killed Mefral's ghost
 62684 | Vaults:1 | Killed a dread lich
 63149 | Vaults:1 | Killed Peona's ghost
 63403 | Vaults:1 | Killed a dread lich
 63631 | Vaults:1 | Found Ezuwubas's Weapon Boutique.
 63639 | Vaults:1 | Reached skill level 5 in Translocations
 63649 | Vaults:1 | Reached XP level 22. HP: 104/123 MP: 12/46
 63981 | Vaults:1 | Identified the +1 cloak of Piph {rElec Regen+ Dex+2 Slay+2}
 63984 | Vaults:1 | Identified the ring of Koisk {rF+ rN++ Slay+3}
 64062 | Vaults:1 | Found Mohosushu's Armour Shoppe.
 64496 | Vaults:2 | Found Nanaept's Distillery.
 64990 | Vaults:2 | Noticed Bai Suzhen
 64997 | Vaults:2 | Killed Bai Suzhen
 65337 | Vaults:2 | Found a staircase to the Crypt.
 65700 | Snake:4  | Bought the amulet of Hedelaorch {Reflect Fly rCorr Int+2
                  | SH+5} for 978 gold pieces
 66062 | Vaults:2 | Identified the +1 falchion of Guile {holy, rPois Str+2}
 66710 | Vaults:2 | Received a gift from Sif Muna
 66714 | Vaults:2 | Got Sif Muna's Guide on Fulgent Frostbite {god gift}
 67733 | Vaults:2 | Identified the +2 spear of Sin {venom, *Slow Str+7 Dex+3}
 69403 | Vaults:3 | Received a gift from Sif Muna
 69411 | Vaults:3 | Got Cyfep's Essays on Orientation {god gift}
 69666 | Vaults:3 | Reached XP level 23. HP: 127/127 MP: 30/47
 70805 | Vaults:4 | Reached skill level 21 in Spellcasting
 71868 | Vaults:5 | Entered Level 5 of the Vaults
 71870 | Vaults:5 | Received a gift from Sif Muna
 72012 | Vaults:5 | Noticed an ancient lich
 72049 | Vaults:5 | Killed from afar by an ancient lich

Illustrated notes

Levels and vault maps discovered:
D:1:      dpeg_arrival_orchard, layout_loops_corners,
          shapermc_ecumenical_altar_mp_vishouse, nicolae_shop_unique_rings,
          roderic_serpentine_path, minmay_tetromino_t4
D:2:      layout_loops_cross, serial_shops, shop_scrolls, nicolae_eternal_life,
          nicolae_houndstooth_variations, uniq_natasha
D:3:      layout_loops_ring, gammafunk_ghost_stat_death
D:4:      layout_gridville, minmay_temple_entry_large_hall, uniq_eustachio
D:5:      layout_rooms, uniq_crazy_yiuf_cottage
D:6:      layout_loops_ring, old_standard_altar, lightli_sewer_entry_pipes,
          serial_shops, shop, uniq_duvessa
D:7:      layout_loops_cross, minivault_19
D:8:      layout_basic, special_room [special_room_orc], uniq_maurice
D:9:      corexii_shack_village, layout_cave_pods, lair_entry_dummy,
          enter_bailey_5, serial_shops, kennysheep_mini_moat
D:10:     layout_basic, nicolae_diode_basic
D:11:     layout_long_grid, serial_shops, nicolae_square_shop,
          vehumet_altar_wand_db, uniq_fannar
D:12:     layout_rooms, orc_0_dummy, uniq_erolcha
D:13:     layout_gridville, grunt_ogre_cave
D:14:     layout_gridville, lightli_vaults_fourway_checkpoint,
          minmay_misc_feat_x, minmay_guarded_unrand_skullcrusher, uniq_louise
D:15:     gammafunk_depths_entry_grave, layout_grid_maze, minivault_27
Temple:   compressed_dpeg_triangle_lava_temple
Lair:1:   layout_layer_cave, gauntlet_entry_generic, lemuel_fruit_fields,
          lemuel_fruit_fields
Lair:2:   layout_loops_ring, minmay_swamp_entry_swarm, lemuel_fruit_tree
Lair:3:   layout_roguey, dummy_snake_entry, gammafunk_ghost_split
Lair:4:   layout_regular_city, serial_bayou_shore_a, infiniplex_staircase_pool_2
Lair:5:   wormcave, layout_small_grid, guppyfry_lair_end_dragon, slime_entry_1,
          grunt_forest_large_clearings, uniq_sonja
Swamp:1:  layout_basic_swamp, nicolae_swamp_dense_foliage, swamp_pool5,
          hangedman_swamp_pad, infiniplex_staircase_pool, uniq_frances
Swamp:2:  layout_basic_swamp, nicolae_swamp_round_clearing, swamp_pool1
Swamp:3:  layout_basic_swamp, evilmike_swamp_ruin_house_1, swamp_pool1
Swamp:4:  swamp, layout_basic_swamp, grunt_hermit_hut, uniq_aizul
Snake:1:  layout_chambers, serial_shops, nicolae_shop_tiny_glass, st_stairs_14,
          minmay_shop_star
Snake:2:  layout_onion_interference, serial_shops, nicolae_shop_drivethru,
          nicolae_shop_competitors_out_of_business, nicolae_shop_hallway_plus,
          nicolae_diamond_shop, nicolae_shop_tiny_statue_garden
Snake:3:  layout_onion_interference, serial_shops, shop,
          nicolae_snake_gridmaze_spiral, uniq_vashnia
Snake:4:  johnstein_snake_rune_scales, layout_layer_cave, basic_altar,
          minmay_shop_grove
Slime:1:  layout_caves
Slime:2:  layout_caves
Slime:3:  layout_caves
Slime:4:  nicolae_slime_pool, layout_caves
Slime:5:  slime_pit_nicolae_royal_road_to_ruin, uniq_dissolution
Orc:1:    layout_caves, nooodl_orcs_dogs
Orc:2:    grunt_orc_community_town_hall, layout_diamond_mine,
          grunt_orc_community_big_house_2, grunt_orc_community_big_house_2,
          grunt_orc_community_house_2, grunt_orc_community_house_1,
          grunt_orc_community_house_1, grunt_orc_community_house_1,
          grunt_orc_community_house_2
Elf:1:    kennysheep_blocky_room, layout_loops_corners, serial_shops,
          nicolae_shop_rolled_up, orc_legates, nicolae_elf_variegated_diamond
Elf:2:    elven_hall_of_blades_hangedman_original
          [nicolae_blade_entry_diamond_columns], layout_loops_ring,
          portal_ice_cave_entry_ice_statue_two, serial_shops,
          nicolae_shop_tiny_glass
Elf:3:    minmay_elf_hall_four_x, layout_onion_city, uniq_asterion, uniq_mara
Vaults:1: gammafunk_ghost_crypt, nicolae_vaults_spaceships, vaults_dpeg_cross,
          nicolae_vaults_storage_room_water, ontoclasm_vaults_chip, v_misc_24,
          nicolae_vaults_alarming, layout_vaults_chaotic_city, serial_shops,
          nicolae_shop_bloodbath_and_beyond, nicolae_shop_peninsula
Vaults:2: grunt_vaults_diagonal, v_misc_10, minmay_crypt_entry_simple_sparse,
          ontoclasm_vaults_claustrophobia, vaults_mumra_chevron,
          nicolae_vaults_shock_wave, v_misc_23,
          nicolae_vaults_closet_pinwheel_1, vaults_room_boxed, v_misc_8,
          nicolae_vaults_storage_closets_3, v_pattern_5,
          dpeg_vaults_monster_box, layout_vaults_omnicross, serial_shops, shop,
          uniq_bai_suzhen
Vaults:3: vaults_dpeg_diagonal, nicolae_vaults_six-pack, vaults_room_corners,
          v_misc_9, nicolae_vaults_offset_grid_hallway_3,
          hangedman_vaults_snaps, nicolae_vaults_offset_grid_hallway_2,
          v_pattern_3, vaults_room_door_ring, nicolae_vaults_six-pack,
          nicolae_vaults_variable_pillar_hall, nicolae_vaults_diamond_2,
          nicolae_vaults_tetromino_T_1, layout_vaults_omnigrid
Vaults:4: nicolae_vaults_circle_grid_b, vaults_standard_mumra_enter_the_diamond,
          nicolae_vaults_theta, nicolae_vaults_little_squares_5, v_misc_22,
          nicolae_vaults_sealed_display, ontoclasm_vaults_bender,
          nicolae_vaults_house_1, nicolae_vaults_network_quinsquares
          [nicolae_vaults_network_quincunx_subvault,
          nicolae_vaults_network_quincunx_subvault,
          nicolae_vaults_network_quincunx_subvault,
          nicolae_vaults_network_quincunx_subvault],
          nicolae_vaults_surprise_closet_hard, nicolae_vaults_closet_pinwheel_5,
          layout_vaults_ring
Vaults:5

Skill      XL: |  1  2  3  4  5  6  7  8  9 10 11 12 13 14 15 16 17 18 19 20 21 22 23 |
---------------+----------------------------------------------------------------------+-----
Stealth        | 3 4 5 6 7 8 9 |  9.5
Fire Magic     | 4 5 6 7 8 9 11 12 13 15 16 18 19 | 19.6
Short Blades   | 1 2 3 4 |  4.2
Spellcasting   | 3 4 6 7 9 10 11 12 14 15 16 17 18 19 20 21 | 21.2
Conjurations   | 2 3 4 5 6 7 8 9 10 11 12 13 14 15 16 | 16.6
Fighting       | 1 2 |  2.9
Poison Magic   | 3 4 |  4.1
Hexes          | 1 2 3 |  3.1
Invocations    | 3 4 6 7 8 9 10 11 12 | 12.0
Summonings     | 1 2 4 5 6 8 9 10 | 10.0
Translocations | 2 3 4 5 6 7 |  7.7
Air Magic      | 2 3 |  3.0
Ice Magic      | 1 3 4 5 6 |  6.6
Dodging        | 3 4 5 7 |  7.9
Shields        | 1 4 6 7 8 10 11 12 13 | 13.3
Evocations     | 1 |  1.1
Staves         | |  0.6

Action                     |  1- 3 |  4- 6 |  7- 9 | 10-12 | 13-15 | 16-18 | 19-21 | 22-24 || total
---------------------------+-------+-------+-------+-------+-------+-------+-------+-------++-------
  Melee: Unarmed           |     3 |       |       |       |       |       |       |       ||     3
         Tentacles         |     8 |     4 |     6 |    20 |    67 |    47 |    32 |    38 ||   222
         Constrict         |     6 |     6 |     7 |    12 |    21 |    21 |     9 |    11 ||    93
         Dagger            |    30 |    22 |    30 |     3 |       |       |       |       ||    85
         Punch             |     1 |     1 |       |     2 |     5 |     2 |     2 |     2 ||    15
         Short sword       |       |       |       |    67 |   247 |    99 |       |       ||   413
         Staff             |       |       |       |       |       |    11 |    95 |    92 ||   198
  Throw: Dart              |       |       |       |     3 |       |       |       |       ||     3
   Cast: Foxfire           |    54 |    37 |   113 |   201 |   339 |    85 |    70 |     7 ||   906
         Scorch            |       |    17 |    69 |   100 |   256 |    66 |    43 |     3 ||   554
         Inner Flame       |       |     1 |    12 |    21 |    24 |    17 |    14 |     1 ||    90
         Flame Wave        |       |       |     7 |    35 |   127 |    14 |    10 |       ||   193
         Mephitic Cloud    |       |       |     1 |    19 |    35 |    38 |     6 |     1 ||   100
         Call Imp          |       |       |     1 |     4 |     1 |     4 |       |       ||    10
         Summon Ice Beast  |       |       |       |    11 |     5 |     5 |       |       ||    21
         Iskenderun's Myst |       |       |       |    20 |    26 |   106 |    34 |     5 ||   191
         Freezing Cloud    |       |       |       |     2 |     1 |     4 |     6 |       ||    13
         Hailstorm         |       |       |       |     5 |    20 |     6 |    41 |     2 ||    74
         Fireball          |       |       |       |       |    19 |   157 |   225 |    37 ||   438
         Blink             |       |       |       |       |     4 |     6 |     2 |       ||    12
         Starburst         |       |       |       |       |     2 |    84 |   146 |   163 ||   395
         Dragon's Call     |       |       |       |       |       |     1 |       |       ||     1
         Summon Cactus Gia |       |       |       |       |       |       |    14 |       ||    14
         Ignition          |       |       |       |       |       |       |    26 |    25 ||    51
         Orb of Destructio |       |       |       |       |       |       |    38 |    11 ||    49
 Invoke: Channel Magic     |       |       |     1 |     9 |    13 |    18 |    10 |     5 ||    56
         Divine Exegesis   |       |       |       |       |       |     1 |       |       ||     1
  Evoke: Wand              |       |     1 |       |     1 |       |     4 |       |     2 ||     8
    Use: Scroll            |       |     1 |    16 |    10 |     9 |     9 |    14 |     2 ||    61
         Potion            |       |       |     1 |     9 |     7 |     7 |     2 |     1 ||    27
   Stab: Sleeping          |     8 |     9 |     5 |     9 |    12 |     6 |     4 |     3 ||    56
         Distracted        |       |       |       |     2 |       |     3 |       |       ||     5
         Confused          |       |       |       |       |     1 |    10 |       |       ||    11
 Armour: Skin              |     2 |     3 |     3 |    23 |    50 |    29 |    38 |    16 ||   164
  Dodge: Dodged            |    16 |    21 |    35 |   111 |   390 |    85 |   101 |    60 ||   819
  Block: Kite shield       |       |       |       |       |   169 |   147 |   280 |   175 ||   771
         Reflection        |       |       |       |       |       |    45 |       |    24 ||    69

Table legend: (Time is in decaauts)
 A = Elapsed time spent in this place.
 B = Non-inter-level travel time spent in this place.
 C = Inter-level travel time spent in this place.
 D = Time resting spent in this place.
 E = Time spent auto-exploring this place.
 F = Levels seen in this place.
 G = Mean time per level.
                   A        B        C        D        E       F      G
               +--------+--------+--------+--------+--------+-----+--------+
         Total |  72244 |  67486 |   4758 |   9257 |  42009 |  49 | 1474.4 |
       Dungeon |  20462 |  17844 |   2618 |   1403 |  12137 |  15 | 1364.1 |
        Temple |     24 |     24 |      0 |      0 |      0 |   1 |   24.0 |
          Lair |   9004 |   8164 |    840 |    506 |   6008 |   5 | 1800.8 |
         Swamp |   5937 |   5716 |    221 |   1472 |   3158 |   4 | 1484.2 |
     Snake Pit |   7334 |   7059 |    275 |   1295 |   4388 |   4 | 1833.5 |
    Slime Pits |   5766 |   5656 |    110 |   1520 |   3175 |   5 | 1153.2 |
  Orcish Mines |   3004 |   2826 |    178 |    166 |   1667 |   2 | 1502.0 |
   Elven Halls |   8212 |   7966 |    246 |   1547 |   3837 |   3 | 2737.3 |
        Vaults |   9783 |   9517 |    266 |    443 |   7188 |   5 | 1956.6 |
         Abyss |     46 |     46 |      0 |      0 |      0 |   1 |   46.0 |
         Sewer |    251 |    251 |      0 |      0 |    174 |   1 |  251.0 |
        Bailey |   1253 |   1253 |      0 |    524 |    113 |   1 | 1253.0 |
      Ice Cave |    257 |    257 |      0 |    130 |      0 |   1 |  257.0 |
      Gauntlet |    904 |    904 |      0 |    249 |    163 |   1 |  904.0 |
               +--------+--------+--------+--------+--------+-----+--------+

Top non-repeatable levels by time:
   Elf:3: 3224 daAuts
   Elf:1: 3080 daAuts
Vaults:2: 2865 daAuts
Vaults:1: 2794 daAuts
 Snake:4: 2682 daAuts
  Lair:5: 2464 daAuts
    D:14: 2255 daAuts
Vaults:3: 2245 daAuts
 Snake:3: 2178 daAuts
     D:1: 1959 daAuts
  Lair:1: 1916 daAuts
   Elf:2: 1908 daAuts
   Orc:2: 1864 daAuts
 Swamp:3: 1828 daAuts
  Lair:2: 1801 daAuts
